[Event "VII Totalizator Sportowy 2022"]
[Site "Bydgoszcz"]
[Date "2022.07.03"]
[Round "9.7"]
[White "Kosakowski, Jakub"]
[Black "Rudzinska, Michalina"]
[Result "1-0"]
[ECO "B42"]
[WhiteElo "2435"]
[BlackElo "2236"]
[Annotator "TA"]
[PlyCount "145"]
[EventDate "2022.06.25"]
[EventType "swiss"]
[EventCountry "POL"]
[SourceTitle "playchess.com"]
[Source "ChessBase"]
[SourceQuality "1"]
[TimeControl "40/5400+30:1800+30"]

1. e4 c5 2. Nf3 e6 3. d4 cxd4 4. Nxd4 a6 5. Bd3 Bc5 6. Nb3 Ba7 7. Nc3 Nc6 8. Qe2 {[%emt 0:00:15] 8.Qg4 is the modern continuation.} Nge7 9. Be3 O-O {[%emt 0:00:24] B42: Sicilian: Kan Variation: 5 Bd3.} 10. O-O-O (10. Bxa7 $14 Rxa7 11. O-O) 10... b5 $11 11. f4 b4 {[%emt 0:18:30] White has an edge.} 12. Na4 d5 (12... d6 $11) 13. Bxa7 Rxa7 {[%emt 0:00:25] [#]} 14. exd5 $146 (14. Qf2 $14) ({Predecessor:} 14. e5 Qc7 15. Kb1 Bd7 16. Nac5 a5 17. Nxd7 Qxd7 18. Nd2 a4 19. Nf3 Rc8 20. Ng5 {1-0 (29) Niemi,K (2209)-Luukkonen,T (2226) Tampere 2004}) 14... Nxd5 15. Qe4 {[%emt 0:01:02][%csl Gd3][%cal Re4h7] [#]} g6 $1 16. h4 (16. Rhf1 $11 {feels stronger.}) 16... Qd6 $15 17. g3 Nce7 (17... h5 $1 $15) 18. h5 Nf5 {[%emt 0:04:41] Inhibits Qd4.} 19. hxg6 fxg6 20. Qf3 Rc7 $1 {[%emt 0:07:11] White must now prevent ...Bd7.} 21. Qf2 Qc6 22. Nbc5 Nde3 23. Rde1 Qd5 (23... Ng4 $5 24. Qg1 Rd8 $11) 24. Kb1 e5 (24... Ng4 $14 25. Qe2 Nxg3 26. Qxg4 Nxh1) 25. Rhg1 ({Better is} 25. fxe5 $16 {Be4 is the strong threat.} Ng4 26. Qd2 (26. Qf4 Nd4 $14)) 25... Ng4 $11 (25... exf4 26. Qxf4 (26. gxf4 Re7 $11) 26... Rxc5 27. Nxc5 Qxc5 28. g4 $14) 26. Qe2 {[%emt 0:01:05] [#] Strongly threatening Bc4.} Nfe3 $36 {[%emt 0:00:07][%mdl 2048] Prevents Bc4. Black is more active.} 27. Be4 Qd4 28. Qd3 Qxd3 29. Nxd3 Nxc2 30. Rc1 Nf6 31. Rxc2 Rxc2 32. Kxc2 {[%emt 0:00:02] aiming for Bh1.} Nxe4 33. Nxe5 Be6 34. Kd3 Nd6 35. Nc5 {[%emt 0:00:27][%csl LRa6,LRe6] Pair of Knights!} Bf5+ (35... Bxa2 $11 36. Nxa6 Be6) 36. Ke3 (36. Kd4 $5 ) 36... a5 37. Rd1 Rc8 38. Rxd6 Rxc5 $14 {[%emt 0:00:04][%mdl 4096] Endgame KRB-KRN} 39. Rc6 Rd5 40. g4 Bb1 41. Rc8+ Kg7 42. Rc7+ Kg8 43. Nd7 {[%emt 0:10:45] Hoping for Nf6+.} Rd3+ 44. Ke2 Rh3 45. Nf6+ Kh8 (45... Kf8 $1 $11) 46. a3 bxa3 47. bxa3 a4 48. g5 Ba2 49. Ra7 Bb3 50. Kd2 Rh2+ 51. Ke3 Rh1 52. Kd4 Rd1+ 53. Kc5 Rc1+ 54. Kb5 Rh1 55. Re7 Rh3 56. Kc6 Rh1 57. Kd7 Rh3 58. Ke8 Rh4 59. Kf8 Rh1 60. Ra7 Rh3 61. Rb7 {[%emt 0:03:57] White is more active.} Rh1 62. Rb8 Re1 63. Rb7 Rh1 64. Rd7 Rh3 65. Rd8 {[%emt 0:01:22] White wants to mate with Ke7+.} Re3 66. Rd7 Rh3 67. Rd8 {[%emt 0:02:40] Intending Ke7+ and mate.} Re3 $1 68. Nd5 {[%emt 0:00:02] Against Rc3} ({White should try} 68. Rc8 $16) 68... Bxd5 $11 {[%emt 0:03:38] The position is equal.} 69. Rxd5 {[%emt 0:00:04] Threatening mate with Kf7.} Rf3 (69... Rxa3 {gets mated.} 70. Kf7 h5 71. Kxg6 Re3 72. Rd8+) 70. Rd4 {[%emt 0:01:03] Kf7 would kill now.} h6 $1 (70... Rxa3 {is a self mate.} 71. Kf7 h5 72. Kxg6 Re3 73. Rd8+) 71. Ke7 {[%emt 0:00:49] And now Kf6 would win.} hxg5 72. fxg5 Rf5 ({But not} 72... Rxa3 73. Kf7 Rf3+ 74. Kxg6 $16) 73. Rxa4 {[%mdl 32768] Weighted Error Value: White=0.13 (very precise) /Black=0.11 (very precise) . Loss on time!?} 1-0

[Event "VII Totalizator Sportowy 2022"]
[Site "Bydgoszcz"]
[Date "2022.07.03"]
[Round "9.8"]
[White "Chojnacki, Krzysztof"]
[Black "Hnydiuk, Aleksander"]
[Result "1/2-1/2"]
[ECO "E48"]
[WhiteElo "2371"]
[BlackElo "2394"]
[Annotator "TA"]
[PlyCount "69"]
[EventDate "2022.06.25"]
[EventType "swiss"]
[EventCountry "POL"]
[SourceTitle "playchess.com"]
[Source "ChessBase"]
[SourceQuality "1"]
[TimeControl "40/5400+30:1800+30"]

1. d4 Nf6 2. c4 e6 3. Nc3 Bb4 4. e3 O-O 5. Bd3 d5 6. cxd5 exd5 7. Nge2 Re8 8. Bd2 {[%emt 0:00:15] E48: Nimzo-Indian: Rubinstein: 5 Bd3 d5 including 6 Ne2, but excluding 6 a3.} c6 9. O-O Bd6 10. Rc1 {[%emt 0:09:06] The position is equal.} Bxh2+ $2 11. Kxh2 $18 {[%emt 0:02:59] Hoping for Rh1.} Ng4+ 12. Kg3 $1 {[%emt 0:01:26] [#]} (12. Kg1 {gets mated.} Qh4 13. Bxh7+ Kxh7 14. Qc2+ f5 15. Rfe1 Qxf2+ 16. Kh1 Rh8 17. Ng1 Kg8+ 18. Nh3 Rxh3+ $1 19. gxh3 Qh2#) 12... h5 $146 {[%emt 0:00:04] And now ...h4+ would win.} ({Predecessor:} 12... Qg5 13. f4 Qe7 14. Nxd5 cxd5 15. Rxc8 Rxc8 16. Kxg4 Nd7 17. Kf3 Nf6 18. g4 Ne4 {0-1 (60) Blohberger,F (2469)-Quparadze,G (2463) Chess.com INT 2020}) 13. Rh1 {[%emt 0:17:32] Against h4+} ({Weaker is} 13. Nf4 Qg5 14. Qe1 Nxe3+ 15. Kh2 Ng4+ 16. Kg1 Rxe1 $17) 13... h4+ 14. Rxh4 Nxf2 {[%emt 0:00:26] [#]} 15. Kxf2 Qxh4+ {[%emt 0:00:05] [#]} 16. Kg1 (16. Ng3 $142 $1) 16... Nd7 $16 17. Qf1 Nf6 18. Qf4 {[%emt 0:01:17] The board is on fire.} Qxf4 19. Nxf4 Bg4 20. Nh3 Re7 21. Ng5 Rae8 22. Nf3 Bc8 23. Ne5 Ng4 24. Nxg4 {[%emt 0:00:07] White is more active.} Bxg4 25. Rf1 Bc8 26. Rf4 Re6 27. Rh4 Rh6 {[%emt 0:00:57] Inhibits Bh7+.} 28. Rxh6 gxh6 29. e4 dxe4 30. Nxe4 {[%emt 0:00:51] Strongly threatening Nf6+.} Rd8 31. Nf6+ Kg7 32. Nh5+ Kg8 33. Nf6+ (33. Be3 $16) 33... Kg7 $11 {[%emt 0:00:04] [#]} 34. Nh5+ (34. Be1 $1 $11) 34... Kg8 $16 35. Nf6+ {Weighted Error Value: White=0.17 (very precise) /Black=0.18 (very precise)} (35. Be3 $16) 1/2-1/2

[Event "VII Totalizator Sportowy 2022"]
[Site "Bydgoszcz"]
[Date "2022.07.03"]
[Round "9.9"]
[White "Sieciechowicz, Marcin"]
[Black "Ulasevich, Sergei"]
[Result "1/2-1/2"]
[ECO "E32"]
[WhiteElo "2388"]
[BlackElo "2217"]
[Annotator "TA"]
[PlyCount "132"]
[EventDate "2022.06.25"]
[EventType "swiss"]
[EventCountry "POL"]
[SourceTitle "playchess.com"]
[Source "ChessBase"]
[SourceQuality "1"]
[TimeControl "40/5400+30:1800+30"]

1. d4 Nf6 2. c4 e6 3. Nc3 Bb4 4. Qc2 O-O 5. Nf3 d5 6. Bg5 c5 {[%emt 0:00:22] E32: Nimzo-Indian: Classical (4 Qc2): 4...0-0.} 7. e3 {[%emt 0:00:38] 7.dxc5 deserves study.} h6 8. Bxf6 Qxf6 9. a3 Ba5 10. dxc5 {[%emt 0:04:16] aiming for b4.} Bxc3+ 11. Qxc3 Qxc3+ 12. bxc3 dxc4 13. Bxc4 {[%emt 0:02:29] [#]} Bd7 $146 ({Predecessor:} 13... Nd7 14. c6 bxc6 15. O-O Nb6 16. Be2 Rd8 17. Ne5 Bb7 18. Bf3 Rac8 19. Rfd1 Rxd1+ 20. Rxd1 {1-0 (95) Ogloblin,N (2346)-Kazakovskiy,V (2473) Chess.com INT 2020}) 14. Rb1 Rc8 15. Rxb7 Rxc5 {[%emt 0:01:16] [#] ...Bc8 is the strong threat.} 16. Bd3 Bc6 17. Rb3 Ba4 18. Rb4 Rxc3 {[%emt 0:00:58] Hoping for ...Rc1+.} 19. Rxa4 Rxd3 (19... Rc1+ $2 20. Ke2 Rxh1 21. Be4 $16) 20. Ke2 Rc3 21. Ne5 (21. Kd2 $5 Rb3 22. Rc1 $11) 21... Nc6 22. Rc4 Rxc4 23. Nxc4 $11 {[%emt 0:00:02][%mdl 4096] Endgame KRN-KRN} Rb8 24. Rd1 Rb7 {[%emt 0:00:16] Inhibits Rd7.} 25. Rc1 Kf8 26. Nd6 Rc7 27. Rc4 Ke7 28. Nb5 Rc8 29. Kd2 Kd7 30. Nd4 Nxd4 31. Rxd4+ {[%emt 0:00:03] KR-KR} Ke7 32. Ra4 Rc7 33. h4 h5 34. g3 Kd6 35. Ra6+ Kd5 36. Kd3 g6 37. Ra5+ Kd6 38. Kd4 Rb7 39. Ra6+ Ke7 40. Ke4 Kf6 41. Kf4 Rc7 42. e4 Rb7 43. f3 Rc7 44. Ra5 Rb7 45. g4 hxg4 46. fxg4 Rc7 47. h5 ({Better is} 47. g5+ $14 Kg7 48. Ke5) 47... Kg7 {[%emt 0:00:35] The position is equal.} 48. Ke5 Rc1 49. hxg6 Kxg6 50. Rxa7 Rg1 51. Ra8 Kg7 52. Kf4 Rf1+ 53. Ke3 Rg1 54. Kf3 Rf1+ 55. Kg3 Rg1+ 56. Kh3 Kf6 57. Ra4 Ke5 58. Rb4 Kf4 59. a4 Rg3+ 60. Kh2 {[%emt 0:00:03][%cal Oe4e5] [#] White wants to mate with e5+!} Ra3 (60... Kxg4 {gets mated.} 61. e5+ Kf3 62. Rb3+ Kg4 63. Rxg3+ Kf5 64. a5 Kf4 65. a6) 61. Rb7 f6 62. Rb6 Ke5 63. Rb4 Kf4 64. Rb6 Rxa4 65. Rxe6 Kxg4 66. Rxf6 Rxe4 {[%emt 0:00:04] Weighted Error Value: White=0.03 (flawless) /Black=0.02 (flawless)} 1/2-1/2

[Event "VII Totalizator Sportowy 2022"]
[Site "Bydgoszcz"]
[Date "2022.07.03"]
[Round "9.10"]
[White "Golubka, Petro"]
[Black "Kacprzak, Kacper"]
[Result "1-0"]
[ECO "A40"]
[WhiteElo "2380"]
[BlackElo "2238"]
[Annotator "TA"]
[PlyCount "47"]
[EventDate "2022.06.25"]
[EventType "swiss"]
[EventCountry "POL"]
[SourceTitle "playchess.com"]
[Source "ChessBase"]
[SourceQuality "1"]
[TimeControl "40/5400+30:1800+30"]

1. d4 Nf6 2. c4 e6 3. g3 c5 4. Nf3 cxd4 5. Nxd4 Qc7 6. b3 Bb4+ {[%emt 0:00:45] A32: Symmetrical English: 2 Nf3 Nf6 3 d4 cxd4 4 Nxd4 e6.} 7. Bd2 Bc5 8. e3 e5 {[%emt 0:13:03] The position is equal.} 9. Nb5 Qc6 10. Rg1 a6 (10... d5 $11) 11. N5c3 O-O {[%emt 0:01:10] [#]} (11... h5 $11) 12. g4 $146 ({Predecessor:} 12. Bg2 Qe6 13. Nd5 Nxd5 14. Bxd5 Qh6 15. b4 Be7 16. Qf3 Nc6 17. a3 d6 18. Nc3 {0-1 (30) Kovalev,A-Plyusnin,V (1868) ICCF email 2010}) 12... Qe6 13. Bd3 b5 $2 {[%emt 0:07:35] [#]} (13... d6 $16) 14. Bf5 $1 $18 (14. cxb5 d5 $11) 14... Qd6 15. g5 ({Less strong is} 15. cxb5 axb5 16. g5 (16. Nxb5 Qc6 $11) 16... Ne8 $16) 15... Ne8 16. Ne4 ({Much less strong is} 16. cxb5 $6 axb5 17. Nxb5 Qb6 $16) 16... Qe7 (16... Qb6 17. Nbc3 Bb7) 17. Nbc3 {[%emt 0:05:45][%cal Of5h7] White wants to mate with Bxh7+!} Bb7 {[%emt 0:03:01] [#]} 18. Bxh7+ Kxh7 {[%emt 0:00:17] [#]} 19. Qh5+ $1 Kg8 20. Rg3 {[%emt 0:00:20] Rh3 would kill now.} g6 21. Qh6 f5 22. Qxg6+ $2 (22. gxf6 Qh7 23. Rxg6+ Kh8 24. Nxc5 Qxh6 25. Rxh6+ Kg8 26. Ke2 Bf3+ 27. Kxf3 Rxf6+ 28. Rxf6 Nxf6 29. cxb5) 22... Qg7 23. Qxg7+ Kxg7 24. Nxc5 {[%emt 0:00:08] White took control after the opening.  Weighted Error Value: White=0.30/Black=0.52} 1-0

[Event "VII Totalizator Sportowy 2022"]
[Site "Bydgoszcz"]
[Date "2022.07.03"]
[Round "9.11"]
[White "Malek, Jan"]
[Black "Paprocki, Antoni"]
[Result "1-0"]
[ECO "B51"]
[WhiteElo "2316"]
[BlackElo "1851"]
[Annotator "TA"]
[PlyCount "45"]
[EventDate "2022.06.25"]
[EventType "swiss"]
[EventCountry "POL"]
[SourceTitle "playchess.com"]
[Source "ChessBase"]
[SourceQuality "1"]
[TimeControl "40/5400+30:1800+30"]

1. e4 c5 2. Nf3 d6 3. Bb5+ Nd7 4. a4 Ngf6 5. Nc3 a6 6. Be2 {[%emt 0:00:13] B51: Sicilian: Moscow Variation (3 Bb5+) without 3...Bd7.} b6 7. d4 cxd4 8. Qxd4 {[%emt 0:00:58] The position is equal.} e6 9. Be3 {[%emt 0:14:36] [#]} Qc7 $146 ({Predecessor:} 9... Bb7 10. O-O Qc7 11. Nd2 Be7 12. Rfd1 O-O 13. Nc4 e5 14. Qd3 Rfd8 15. Bg5 Nc5 {1-0 (29) Sadhwani,R (2619)-Halkias,S (2512) Chess.com INT 2022}) 10. Nd2 Bb7 11. Nc4 e5 (11... Nc5 $11 {remains equal.}) 12. Qd3 $16 {[%emt 0:00:56] 0x0.0017652b493fdp-1022s more active pieces. The black rooks are badly placed.} Be7 13. O-O-O (13. Rd1 {is more complex.} O-O 14. Nxd6 Nc5 15. Bxc5 bxc5 16. Nxb7 c4 17. Qxc4 Qxb7 18. Qb3) 13... Nc5 (13... O-O $16) 14. Nxd6+ $18 Bxd6 (14... Kf8 $142 15. Bxc5 bxc5) 15. Qxd6 Qxd6 16. Rxd6 Nfxe4 17. Nxe4 ({Don't take} 17. Rxb6 $6 Nxc3 18. bxc3 Bxg2 $18) 17... Bxe4 18. Rxb6 ({But not} 18. f3 Bf5 19. g4 (19. Rxb6 Nxa4 20. Rb4 Rc8 $18) 19... Bc8 $18) 18... Nd7 19. Rxa6 Bxg2 20. Rxa8+ Bxa8 21. Rd1 {[%emt 0:00:09] [#] Threatens to win with Bb5.} Bc6 (21... Ke7 22. b4 f5) 22. Rd6 Bxa4 23. Ra6 {[%emt 0:00:11] Weighted Error Value: White=0.02 (flawless) /Black=0.45} 1-0

[Event "VII Totalizator Sportowy 2022"]
[Site "Bydgoszcz"]
[Date "2022.07.03"]
[Round "9.12"]
[White "Fiedorek, Michal"]
[Black "Zebracki, Tomasz"]
[Result "1-0"]
[ECO "B19"]
[WhiteElo "2315"]
[BlackElo "2200"]
[Annotator "TA"]
[PlyCount "67"]
[EventDate "2022.06.25"]
[EventType "swiss"]
[EventCountry "POL"]
[SourceTitle "playchess.com"]
[Source "ChessBase"]
[SourceQuality "1"]
[TimeControl "40/5400+30:1800+30"]

1. e4 c6 2. d4 d5 3. Nc3 dxe4 4. Nxe4 Bf5 5. Ng3 Bg6 6. h4 h6 7. Nf3 Nd7 8. h5 Bh7 9. Bd3 Bxd3 10. Qxd3 e6 11. Bd2 Ngf6 12. O-O-O Be7 13. Kb1 O-O 14. Ne4 c5 {[%emt 0:01:48] B19: Classical Caro-Kann: 4...Bf5 main line.} 15. Nxf6+ (15. g4 {keeps more tension.} Nxg4 16. Qe2 Qb6 17. Ne5) 15... Bxf6 16. Bc3 cxd4 {[%emt 0:07:33] The position is equal.} 17. Bxd4 Qc7 {[%emt 0:14:42] [#]} 18. Qe4 $146 ({Predecessor:} 18. g4 Rad8 19. Qe3 Bxd4 20. Rxd4 Nb6 21. g5 Rxd4 22. Qxd4 Rc8 23. c3 Rd8 24. Qg4 {0-1 (48) Rjanova,V (2170)-Girya,O (2464) Loo 2013}) 18... e5 ({Black should try} 18... Rad8 $11) 19. Be3 $14 {[%emt 0:09:47][%cal Oe3h6] Hoping for Bxh6!} Nc5 20. Qf5 {[%emt 0:05:29][%cal Oe3h6] aiming for Bxh6! White is more active.} (20. Qc4 $5 b6 21. Nh2 $14) 20... Na4 21. Qe4 b5 (21... Nc5 $11 22. Qc4 Rac8) 22. g4 b4 $2 {[%emt 0:00:47] This move loses the game for Black.} (22... Qc3 $14 23. Qxa4 (23. bxc3 Nxc3+ 24. Kb2 Nxe4 $17) 23... Qxe3 24. fxe3 bxa4) 23. g5 $18 (23. Qxb4 $2 Qc6 24. Qd6 (24. g5 $2 hxg5 25. Nd2 Rfb8 $19) 24... Qxf3 $19) 23... hxg5 24. Nxg5 ({Avoid the trap} 24. Qxb4 $2 Qc6 25. Qa3 Rfb8 26. Bxg5 Nxb2 $19) 24... Bxg5 25. Bxg5 {[%emt 0:00:06] [#] Strongly threatening h6.} Rab8 $2 (25... Nc5 26. Qf5 (26. Qxb4 Rab8 $16) 26... Qc8 27. Qxe5 f6 28. Qd5+ Qe6 29. Qxc5 fxg5) 26. h6 {[%emt 0:05:06][%cal Bh5h6,Bh6g7][%mdl 32] hxg7 would kill now.} Nc3+ 27. bxc3 bxc3+ 28. Ka1 {White threatens hxg7 and mate.} Rb2 29. Qa4 {[%emt 0:04:27] White mates.} ({And not} 29. hxg7 Rxa2+ 30. Kxa2 Qa5+ 31. Kb3 Rb8+ 32. Kc4 Rb4+ 33. Kd3 Qa6+ 34. Ke3 Rxe4+ 35. Kxe4 Qg6+ 36. Kd5 Qxg5 $11) 29... Qb6 30. hxg7 Rb8 31. Be3 Qe6 32. Rdg1 f5 33. Rh8+ Kf7 34. Qxa7+ {[%emt 0:00:38] Weighted Error Value: White=0.08 (flawless) /Black=0.88} 1-0

[Event "VII Totalizator Sportowy 2022"]
[Site "Bydgoszcz"]
[Date "2022.07.03"]
[Round "9.13"]
[White "Navaratnam, Rohan Shan Tze"]
[Black "Licznerski, Lukasz"]
[Result "0-1"]
[ECO "B14"]
[WhiteElo "2071"]
[BlackElo "2439"]
[Annotator "TA"]
[PlyCount "45"]
[EventDate "2022.06.25"]
[EventType "swiss"]
[EventCountry "POL"]
[SourceTitle "playchess.com"]
[Source "ChessBase"]
[SourceQuality "1"]
[TimeControl "40/5400+30:1800+30"]

1. e4 c6 2. d4 d5 3. exd5 cxd5 4. c4 Nf6 5. Nc3 g6 6. Qb3 Bg7 7. cxd5 O-O 8. Be2 Nbd7 9. Bf3 Nb6 10. a4 a5 11. Nge2 Qd6 12. Nb5 Qd8 13. Nbc3 Bf5 14. Qb5 {[%emt 0:05:00] B14: Caro-Kann: Panov-Botvinnik Attack with 5...e6 and 5...g6.} (14. O-O {is more complex.} Bd3 15. d6 Qxd6 16. Nb5) 14... Ne8 {[%emt 0:12:03][%cal Bf6e8,Be8d6,Bd6b5,Bb5d4][%mdl 32] [#]} 15. b3 $146 (15. Bf4 $11) ({Predecessor:} 15. Bf4 Nd6 16. Bxd6 Qxd6 17. O-O Qb4 18. b3 Bc2 19. Rfc1 Bxb3 20. Rab1 Qxb5 21. Nxb5 Bc4 22. d6 exd6 23. Nxd6 Bxe2 24. Bxe2 Bxd4 25. Nxb7 Nxa4 {0-1 (55) Docekal,J (2238)-Sorm,D (2345) Prague 2021}) 15... Nd6 $15 16. Qc5 {[%emt 0:00:15] Black is slightly better.} Bc2 17. Bf4 Bxb3 18. Rb1 $2 {[%emt 0:01:04] [#]} ({White should try} 18. Bxd6 $15 exd6 19. Qa3) 18... Nxa4 $19 19. Qa3 (19. Nxa4 {is the only way for White.} Bxa4 20. Qa3) 19... Nxc3 20. Rxb3 Ndb5 {[%emt 0:00:48] Pair of Knights! Black is clearly winning.} 21. Qc1 (21. Rxb5 $142 Nxb5 22. Qa2) 21... Nxe2 22. Bxe2 Nxd4 23. d6 {White got outplayed after the opening.  Weighted Error Value: White=1.06/Black=0.01 (flawless)} 0-1

[Event "VII Totalizator Sportowy 2022"]
[Site "Bydgoszcz"]
[Date "2022.07.03"]
[Round "9.14"]
[White "Kowalski, Igor"]
[Black "Kacprzak, Karol"]
[Result "1-0"]
[ECO "D38"]
[WhiteElo "2370"]
[BlackElo "2200"]
[Annotator "TA"]
[PlyCount "79"]
[EventDate "2022.06.25"]
[EventType "swiss"]
[EventCountry "POL"]
[SourceTitle "playchess.com"]
[Source "ChessBase"]
[SourceQuality "1"]
[TimeControl "40/5400+30:1800+30"]

1. d4 Nf6 2. c4 e6 3. Nf3 d5 4. Nc3 Bb4 5. cxd5 exd5 6. Bg5 h6 7. Bh4 g5 8. Bg3 Ne4 9. Nd2 Nxg3 10. hxg3 Be6 {[%emt 0:13:22] [#] D38: Queen's Gambit Declined: Ragozin Defence (4 Nf3 Bb4).} 11. Qa4+ $146 ({Predecessor:} 11. Qb3 Nc6 12. e3 Rb8 13. Bb5 Be7 14. e4 Kf8 15. Bxc6 bxc6 16. Qc2 dxe4 17. Ndxe4 Qxd4 18. O-O {1-0 (39) Diaz Perez,M (2427)-Ambartsumova,K (2382) Chess.com INT 2022}) 11... Nc6 12. e3 a6 {[%emt 0:03:51] White is slightly better.} 13. Bd3 Bd6 14. a3 Kf8 15. Qc2 Qf6 16. Ne2 ({White should play} 16. Nb3 $16) 16... Re8 $11 17. Rf1 Bg4 18. Qb3 Qe6 19. O-O-O Bxe2 20. Bxe2 Nxd4 $1 21. exd4 {[%emt 0:00:05] Hoping for Rfe1.} Qxe2 22. Qxd5 Qb5 (22... b5 {seems wilder.} 23. Qf5 Kg7 24. Kc2 Qe6) 23. Qxb5 axb5 24. Rfe1 f5 25. Nb3 Kf7 26. d5 b4 27. a4 Re5 28. Rxe5 Bxe5 {[%emt 0:00:01][%mdl 4096] Endgame KRB-KRN} 29. Kc2 Rd8 {[%emt 0:03:06] [#]} (29... Ra8 $11 {keeps the balance.}) 30. Na5 $1 $16 Ra8 {[%emt 0:03:33] [#]} 31. Nc4 Bf6 32. Kb3 Be7 {[%emt 0:00:35] Black cannot hold the game after this.} (32... Rd8 $16) 33. d6 $18 cxd6 34. Nxd6+ Ke6 35. Nxb7 h5 36. Rc1 f4 37. Nc5+ Kf5 38. gxf4 ({Don't take} 38. Kxb4 $6 Rd8 39. a5 Rd2 $18) 38... gxf4 39. f3 (39. Kxb4 Rb8+ 40. Ka3 h4 $18) 39... Ra5 $2 (39... h4 40. Rc2 (40. Kxb4 Rg8 $16) 40... Rg8) 40. Kxb4 {[%emt 0:00:00] Weighted Error Value: White=0.05 (flawless) /Black=0.28 (precise)} 1-0

[Event "VII Totalizator Sportowy 2022"]
[Site "Bydgoszcz"]
[Date "2022.07.03"]
[Round "9.15"]
[White "Laux, Dominik"]
[Black "Stolarczyk, Adam"]
[Result "1-0"]
[ECO "B11"]
[WhiteElo "2263"]
[BlackElo "2125"]
[Annotator "TA"]
[PlyCount "69"]
[EventDate "2022.06.25"]
[EventType "swiss"]
[EventCountry "POL"]
[SourceTitle "playchess.com"]
[Source "ChessBase"]
[SourceQuality "1"]
[TimeControl "40/5400+30:1800+30"]

1. e4 c6 2. Nf3 d5 3. Nc3 Bg4 4. h3 dxe4 5. Nxe4 Bh5 6. Ng3 Bg6 7. h4 h6 8. Ne5 Bh7 9. Qh5 g6 10. Qf3 Nf6 {[%emt 0:00:41] [#]} 11. Bc4 {[%emt 0:00:59] B11: Caro-Kann: Two Knights Variation.} (11. Qb3 $1 $18 Nd5 12. Qxb7) 11... e6 $16 12. Qe2 {[%emt 0:01:41][%cal Oe5f7] [#] White is much more active.} (12. Ne4 {looks sharper.} Nbd7 13. d4 Qe7 14. Nxf6+ Qxf6 15. Bf4) 12... Qc7 $146 ({Predecessor:} 12... Qd6 13. b3 Bg7 14. Bb2 Nd5 15. Bxd5 cxd5 16. Nc4 dxc4 17. Bxg7 Rg8 18. Ne4 Qe7 19. Nf6+ Kd8 20. Nxg8 Bxg8 21. Bxh6 cxb3 22. axb3 Qf6 23. Bg5 {1-0 (22) Tomulic,T (2010)-Haidinger,E (1409) Rijeka 2015}) 13. d4 {[%emt 0:01:50][%cal Bd2d4,Bd4e5][%mdl 32] White is better.} Nd5 {[%emt 0:01:48] Against Bf4} 14. Bd2 Nd7 15. O-O-O Nxe5 16. dxe5 O-O-O 17. Bb3 Bg7 (17... c5 $14) 18. f4 {[%emt 0:03:42] White leaves nothing to chance now.} Rhe8 (18... Kb8 $16) 19. Ne4 $18 {[%emt 0:08:51] c4 is the strong threat.} Kb8 20. c4 Ne7 21. Bb4 {[%emt 0:04:32] [#] Strongly threatening Bd6.} Ka8 22. Rxd8+ Rxd8 23. Bd6 Qd7 24. g4 {[%emt 0:02:22][%cal Bg2g4,Bg4g5][%mdl 32] Prevents Nf5.} Nc8 $2 (24... h5 {might work better.} 25. Ng5 Bg8 26. gxh5 Nf5) 25. Rd1 (25. Nc5 $142 Qe8 26. Bc7) 25... Qe8 26. g5 h5 (26... hxg5 $142 27. hxg5 Ne7) 27. Qe1 Bg8 (27... Nxd6 {was necessary.} 28. Nxd6 (28. Rxd6 Rxd6 29. exd6 Qd7 $16) 28... Qf8) 28. Qa5 {[%emt 0:04:58] And now Qc7 would win. White is clearly winning.} Bh7 29. Qc7 Nxd6 30. Nxd6 Qd7 31. Nxf7 Qxc7 32. Rxd8+ Qb8 33. Bc2 Bf8 34. Kd2 Bc5 35. Ke2 {[%emt 0:00:38] Weighted Error Value: White=0.21 (precise) /Black=0.49} 1-0

[Event "VII Totalizator Sportowy 2022"]
[Site "Bydgoszcz"]
[Date "2022.07.03"]
[Round "9.16"]
[White "Dzhuguryan, Tygran"]
[Black "Lambrecht, Tomasz"]
[Result "1-0"]
[ECO "D94"]
[WhiteElo "2203"]
[BlackElo "1956"]
[Annotator "RC"]
[PlyCount "91"]
[EventDate "2022.06.25"]
[EventType "swiss"]
[EventCountry "POL"]
[SourceTitle "playchess.com"]
[Source "ChessBase"]
[SourceQuality "1"]
[TimeControl "40/5400+30:1800+30"]

1. d4 Nf6 2. c4 g6 3. Nc3 d5 4. e3 Bg7 5. Nf3 O-O 6. Bd2 c6 7. b4 Bg4 8. h3 Bxf3 9. Qxf3 e6 10. cxd5 cxd5 11. Bd3 Nc6 12. b5 Ne7 13. O-O Qd7 14. Na4 b6 15. Bb4 Rfc8 16. Rfc1 Rxc1+ 17. Rxc1 Rc8 18. Qd1 Bf8 19. Rxc8 Nxc8 20. Bxf8 Kxf8 21. Nb2 Nd6 22. a4 Qc7 23. Qc2 Qxc2 24. Bxc2 Ke7 25. Nd3 Nc4 26. Nb4 Na5 27. Kf1 Ne8 28. Ke2 Kd6 29. e4 Nc7 30. e5+ Ke7 31. h4 Ne8 32. h5 Kf8 33. h6 Nc7 34. Ke3 f5 35. exf6 Kf7 36. Kf4 Kxf6 37. g4 Nc4 38. g5+ Kf7 39. Nc6 a5 40. Ne5+ Nxe5 41. Kxe5 Ne8 42. Bd1 Ke7 43. Bg4 Nd6 44. Bxe6 Ne4 45. f4 Nc3 46. f5 1-0

[Event "VII Totalizator Sportowy 2022"]
[Site "Bydgoszcz"]
[Date "2022.07.03"]
[Round "9.17"]
[White "Paprocki, Jaroslaw"]
[Black "Ratajczak, Hubert"]
[Result "1/2-1/2"]
[ECO "A48"]
[WhiteElo "2165"]
[BlackElo "1899"]
[Annotator "RC"]
[PlyCount "103"]
[EventDate "2022.06.25"]
[EventType "swiss"]
[EventCountry "POL"]
[SourceTitle "playchess.com"]
[Source "ChessBase"]
[SourceQuality "1"]
[TimeControl "40/5400+30:1800+30"]

1. c3 Nf6 2. d4 g6 3. Bf4 Bg7 4. h3 O-O 5. e3 d6 6. Nf3 b6 7. Nbd2 Bb7 8. Qc2 Nbd7 9. Bh2 c5 10. Be2 Qc7 11. O-O Qc6 12. a4 a6 13. Nc4 Ne4 14. Rfd1 Qd5 15. Rac1 Rfc8 16. dxc5 Qxc5 17. Ncd2 Nxd2 18. Nxd2 Ne5 19. Bf4 Qc6 20. Bf1 Nd7 21. Ra1 e5 22. Bg3 d5 23. Qb1 Nc5 24. c4 d4 25. exd4 exd4 26. Nf3 Ne6 27. Ne5 Qe4 28. Nd7 Qc6 29. Ne5 Qe4 30. Qxe4 Bxe4 31. Nd7 Rc6 32. b4 d3 33. Ra3 Ra7 34. b5 axb5 35. cxb5 Rc3 36. Rxc3 Bxc3 37. Be5 Rxd7 38. Bxc3 Nc5 39. a5 bxa5 40. f3 Bf5 41. Re1 Be6 42. Bxa5 Rb7 43. Bb4 Rxb5 44. Bxc5 Rxc5 45. Bxd3 g5 46. Kf2 h5 47. h4 gxh4 48. Rh1 h3 49. gxh3 h4 50. Ra1 Bxh3 51. Rh1 Be6 52. Rxh4 1/2-1/2